 Dungeon Crawl Stone Soup version 0.30-a0-1016-gfb0d676c02 (webtiles) character file.

Game seed: 16322664103019367817

38 jtron the Trooper (level 3, 0/24 HPs)
             Began as a Gargoyle Monk on Apr 6, 2023.
             Slain by a hobgoblin
             ... wielding a +0 quarterstaff
              (10 damage)
             ... on level 2 of the Dungeon.
             The game lasted 00:01:33 (927 turns).

jtron the Trooper (Gargoyle Monk)                    Turns: 927, Time: 00:01:34

Health: 0/24       AC:  5    Str: 14    XL:     3   Next: 43%
Magic:  3/3        EV: 12    Int: 12    God:
Gold:   68         SH:  0    Dex: 12    Spells: 2/2 levels left

rFire   . . .      SeeInvis .    a - +0 mace
rCold   . . .      Faith    .    (no shield)
rNeg    + . .      Spirit   .    b - +0 robe
rPois   ∞          Reflect  .    (no helmet)
rElec   +          Rampage  .    (no cloak)
rCorr   .                        (no gloves)
Will    .....                    (no boots)
Stlth   ++                       (no amulet)
HPRegen 0.24/turn                (no ring)
MPRegen 0.08/turn                (no ring)

@: no status effects
A: sickness immunity, AC +3, negative energy resistance 1, electricity
resistance, torment resistance 1, petrification resistance
a: no special abilities


You were on level 2 of the Dungeon.
You visited 1 branch of the dungeon, and saw 2 of its levels.

You collected 68 gold pieces.

Inventory:

Hand Weapons
 a - a +0 mace (weapon)
Missiles
 f - 9 stones (quivered)
Armour
 b - a +0 robe (worn)
 n - a +0 leather armour
Scrolls
 j - a scroll of poison {unknown}
 l - 2 scrolls of vulnerability {unknown}
Potions
 c - a potion of ambrosia
 d - a potion of berserk rage {unknown}
 e - a potion of curing {unknown}
 g - a potion of mutation {unknown}
 h - a potion of heal wounds {unknown}
 i - a potion of haste {unknown}
 k - 2 potions of might {unknown}
 m - a potion of lignification {unknown}


   Skills:
 + Level 3.8 Fighting
 + Level 3.4 Maces & Flails
 + Level 2.8 Dodging
 + Level 2.4 Stealth


You had 2 spell levels left.
You didn't know any spells.
Your spell library was empty.

Dungeon Overview and Level Annotations

Branches:
Dungeon (2/15)

Altars:


Innate Abilities, Weirdness & Mutations

You are immune to sickness and miasma.
Your stone body is resilient. (AC +3)
You are immune to poison.
You resist negative energy. (rN+)
You are resistant to electric shocks. (rElec)
You are resistant to unholy torment.
You are immune to petrification.


Message History

No target in view!
No target in view!
You see here a giant cockroach corpse.
Found a leather armour.
No target in view!
A ball python comes into view.
You see here a +0 leather armour.
A ball python is nearby!
The helpless ball python fails to defend itself.
You hit the ball python.
The ball python is severely wounded.
The ball python bites you but does no damage.
The ball python barely misses you.
The ball python bites you but does no damage.
The ball python grabs you. The ball python constricts you.
You hit the ball python.
You kill the ball python!
You see here a +0 leather armour.
n - a +0 leather armour A kobold comes into view.
It is wielding a +0 short sword.
Found a scroll labelled ZIDEPO HEXZAMP.
The kobold shouts!
The kobold throws a stone.
The stone closely misses you.
A kobold comes into view. It is wielding a +0 short sword.
A hobgoblin comes into view. It is wielding a +0 quarterstaff.
Found 13 gold pieces.
The kobold throws a stone.
The stone closely misses you.
The kobold shouts!
You hear a shout!
You hit the kobold.
The kobold is moderately wounded.
The kobold barely misses you.
You hit the kobold.
You kill the kobold!
You closely miss the kobold.
The kobold hits you with a +0 short sword.
You hit the kobold.
You kill the kobold!
The hobgoblin hits you with a +0 quarterstaff!
You barely miss the hobgoblin.
The hobgoblin hits you with a +0 quarterstaff!
You die...

###########
#.......... ####.
#.######### ....#
######.#######
####.?###..†.........#
........#.####.#####.#
# #..#.#.# #.#
.#.###..#@#.# #.#
........#g#.####.#
...................
#..###.#.#.####...
#...#.#.# #..
#.#.#.#.# .....#.#.#
... .......
#.##...####.


You could see a hobgoblin.

Vanquished Creatures
  A gnoll (D:1)
  A ball python (D:2)
  3 bats (D:1)
  4 endoplasms (D:1)
  2 giant cockroaches (D:2)
  A goblin (D:1)
  A hobgoblin (D:1)
  A quokka (D:1)
  3 frilled lizards (D:1)
  8 kobolds
  2 rats (D:1)
27 creatures vanquished.

Notes
Turn   | Place    | Note
-------+----------+-------------------------------------------
     0 | D:1      | jtron the Gargoyle Monk began the quest for the Orb.
     0 | D:1      | Reached XP level 1. HP: 14/14 MP: 1/1
   140 | D:1      | Reached XP level 2. HP: 19/19 MP: 2/2
   550 | D:1      | Reached XP level 3. HP: 18/24 MP: 3/3
   927 | D:2      | Slain by a hobgoblin

Illustrated notes

Levels and vault maps discovered:
D:1:      matt_arrival_spirals, layout_loops_ring
D:2:      layout_loops_ring

Action                     || total
---------------------------++-------
  Melee: Mace              ||    72
   Stab: Sleeping          ||     5
 Armour: Robe              ||    20
  Dodge: Dodged            ||    51

Table legend: (Time is in decaauts)
 A = Elapsed time spent in this place.
 B = Non-inter-level travel time spent in this place.
 C = Inter-level travel time spent in this place.
 D = Time resting spent in this place.
 E = Time spent auto-exploring this place.
 F = Levels seen in this place.
 G = Mean time per level.
                   A        B        C        D        E       F      G
               +--------+--------+--------+--------+--------+-----+--------+
         Total |    943 |    930 |     13 |      0 |    736 |   2 |  471.5 |
       Dungeon |    943 |    930 |     13 |      0 |    736 |   2 |  471.5 |
               +--------+--------+--------+--------+--------+-----+--------+

Top non-repeatable levels by time:
     D:1: 880 daAuts
     D:2: 62 daAuts
